 Dungeon Crawl Stone Soup version 0.30.1 (webtiles) character file.

Game seed: 6392554403819841762

69 Pepete the Magician (level 4, -4/31 HPs)
             Began as a Djinni Fire Elementalist on July 11, 2023.
             Slain by Terence
             ... wielding a +0 mace
              (9 damage)
             ... on level 3 of the Dungeon.
             The game lasted 00:02:37 (2004 turns).

Pepete the Magician (Djinni Fire Elementalist)      Turns: 2004, Time: 00:02:37

Health: -4/31      AC:  4    Str:  7    XL:     4   Next: 42%
Gold:   101        EV: 12    Int: 18    God:
                   SH:  0    Dex: 14

rFire   + + .        (no weapon)
rCold   x . .        (no shield)
rNeg    . . .        a - +0 robe
rPois   ∞            (no helmet)
rElec   .            (no cloak)
rCorr   .            f - +1 pair of gloves
SInv    .            (boots unavailable)
Will    .....        (no amulet)
Stlth   ++           (no ring)
HPRegen 0.25/turn    (no ring)
MPRegen 0.00/turn

%: infuse magic (-5 HP)
@: flying, very slightly contaminated
A: sickness immunity, fire resistance 2, cold vulnerability 1, float, innate
caster, HP casting, extra vitality 1
a: no special abilities


You were on level 3 of the Dungeon.
You visited 1 branch of the dungeon, and saw 3 of its levels.

You collected 101 gold pieces.

Inventory:

Armour
 a - a +0 robe (worn)
 f - a +1 pair of gloves (worn)
Scrolls
 i - 2 scrolls of teleportation
Potions
 b - 2 potions of ambrosia {unknown}
 c - a potion of might
 d - a potion of resistance {unknown}
 e - a potion of curing
 h - a potion of berserk rage {unknown}
 j - a potion of haste {unknown}
 k - a potion of lignification {unknown}


   Skills:
 * Level 2.4 Armour
 - Level 2.1 Dodging
 - Level 1.5 Stealth
 * Level 3.2 Spellcasting


You knew the following spells:

 Your Spells              Type           Power      Damage    Failure   Level
a - Foxfire               Conj/Fire      56%        2x1d6     4%          1
b - Scorch                Fire           28%        2d6       6%          2
c - Volatile Blastmotes   Fire/Tloc      28%        2d12      13%         3
d - Inner Flame           Hex/Fire       14%        N/A       13%         3
e - Flame Wave            Conj/Fire      14%        2d6       38%         4
f - Beastly Appendage     Tmut           28%        N/A       4%          1
Your spell library was empty.

Dungeon Overview and Level Annotations

Branches:
Dungeon (3/15)

Altars:

Annotations:
D:3 Terence


Innate Abilities, Weirdness & Mutations

You are immune to sickness and miasma.
You are immune to poison.
Your flesh is very heat resistant. (rF++)
You are vulnerable to cold. (rC-)
You float through the air rather than walking.
You learn spells naturally, not from books.
Your magical power is your life essence.
You have superior vitality. (+4 MHP)


Message History

The adder's fire resistance burns away.
The adder bites you but does no damage.
Unknown command.
Casting: Scorch (safe; 7% risk of failure)
Confirm with . or Enter, or press ? or * to list all spells.
Flames lash the adder.
The adder is burned terribly!
You kill the adder!
Unknown command.
Casting: Scorch (safe; 6% risk of failure)
Confirm with . or Enter, or press ? or * to list all spells.
You miscast Scorch.
You are very lightly contaminated with residual magic.
Nothing appears to happen.
Terence barely misses you.
Unknown command.
Casting: Scorch (safe; 6% risk of failure)
Confirm with . or Enter, or press ? or * to list all spells.
Flames lash Terence but do no damage.
Terence bares his teeth.
Terence hits you with a +0 mace!
Unknown command.
Casting: Scorch (safe; 6% risk of failure)
Confirm with . or Enter, or press ? or * to list all spells.
Flames lash Terence.
Terence is moderately wounded.
Terence's fire resistance burns away.
* * * LOW HITPOINT WARNING * * *
Terence says, "Don't bother to defend, it's senseless."
Terence completely misses you.
Casting: Scorch (safe; 6% risk of failure)
Confirm with . or Enter, or press ? or * to list all spells.
You miscast Scorch.
Nothing appears to happen.
* * * LOW HITPOINT WARNING * * *
Terence closely misses you.
Unknown command.
Casting: Scorch (safe; 6% risk of failure)
Confirm with . or Enter, or press ? or * to list all spells.
Flames lash Terence.
Terence is burned terribly!
Terence is severely wounded.
* * * LOW HITPOINT WARNING * * *
Terence hits you with a +0 mace!
You die...

## .# .# .# .#
######@# ..##.@.#
#.##.#### #.##....#
#.#####.# ###### #.#
#.# .....# #.# #.#
.....#######)#####.##
.............>...#..#
.....#######..##.#..#


You could see Terence (combustible).

Vanquished Creatures
  A gnoll (D:1)
  An adder (D:3)
  A dart slug (D:1)
  6 ball pythons
  3 bats
  4 endoplasms
  A giant cockroach (D:3)
  8 hobgoblins
  3 quokkas
  3 frilled lizards (D:1)
  5 goblins
  6 kobolds
  4 rats
46 creatures vanquished.

Vanquished Creatures (collateral kills)
  2 foxfires (D:2)
2 creatures vanquished.

Vanquished Creatures (others)
  204 foxfires
204 creatures vanquished.

Grand Total: 252 creatures vanquished

Notes
Turn   | Place    | Note
-------+----------+-------------------------------------------
     0 | D:1      | Pepete the Djinni Fire Elementalist began the quest for the
                  | Orb.
     0 | D:1      | Pepete set off with the following spells memorised:
                  | Foxfire, Scorch, Volatile Blastmotes, Inner Flame, Flame
                  | Wave.
     0 | D:1      | Reached XP level 1. HP: 15/15 MP: 0/0
   186 | D:1      | Reached XP level 2. HP: 19/21 MP: 0/0
   217 | D:1      | Reached skill level 1 in Armour
   316 | D:1      | Reached XP level 3. HP: 25/25 MP: 0/0
   316 | D:1      | Learned a level 1 spell: Beastly Appendage
   875 | D:1      | Found a faded altar of an unknown god.
   975 | D:1      | Reached skill level 3 in Spellcasting
  1335 | D:2      | Reached XP level 4. HP: 28/31 MP: 0/0
  1993 | D:3      | Noticed Terence
  2004 | D:3      | Slain by Terence

Illustrated notes

Levels and vault maps discovered:
D:1:      giann_wishing_wells, layout_basic, shapermc_ecumenical_altar_pompeii
D:2:      layout_basic, serial_bayou_lake_a
D:3:      layout_basic, uniq_jessica, uniq_terence

Skill      XL: |  1  2  3 |
---------------+----------+-----
Armour         | 1 2 |  2.4
Spellcasting   | 3 |  3.2
Dodging        | |  2.1
Stealth        | |  1.5

Action                     |  1- 3 |  4- 6 || total
---------------------------+-------+-------++-------
  Melee: Unarmed           |       |     2 ||     2
   Cast: Foxfire           |   102 |    29 ||   131
         Scorch            |     8 |     6 ||    14
    Use: Scroll            |     2 |     2 ||     4
         Potion            |     2 |     1 ||     3
 Armour: Robe              |       |     2 ||     2
  Dodge: Dodged            |     4 |     6 ||    10
